 Dungeon Crawl Stone Soup version 0.29-a0-234-g0dae59b3db (webtiles) character file.

Game seed: 15953929131091442406

1693 spaghetti the Thaumaturge (level 9, -1/45 HPs)
             Began as an Octopode Earth Elementalist on Mar 2, 2022.
             Was a Believer of Hepliaklqana.
             Slain by a red ugly thing (14 damage)
             ... on level 6 of the Dungeon.
             The game lasted 00:09:02 (6139 turns).

spaghetti the Thaumaturge (OpEE)                    Turns: 6139, Time: 00:09:03

Health: -1/45      AC:  5    Str:  4 (7)  XL:     9   Next: 2%
Magic:  30/30      EV: 13    Int: 20 (22) God:    Hepliaklqana [**....]
Gold:   127        SH:  0    Dex:  9 (12) Spells: 22/25 levels left

rFire   . . .      SeeInvis +   P - +1 dagger (venom) {short}
rCold   . . .      Faith    .   (no shield)
rNeg    . . .      Spirit   .   (helmet restricted)
rPois   .          Reflect  .   (no amulet)
rElec   .          Harm     .   i - +4 ring of protection
rCorr   .          Rampage  .   j - ring of magical power
Will    .....                   h - ring of see invisible
Stlth   +++.......              (no ring)
HPRegen 0.15/turn               (no ring)
MPRegen 0.22/turn               (no ring)
                                (no ring)
                                (no ring)

@: studying Axes
A: reduced essence, almost no armour, amphibious, 8 rings, camouflage 1,
gelatinous body 1, (nimble swimmer 1), tentacles
a: Renounce Religion, Recall Ancestor, Ancestor Identity


You were on level 6 of the Dungeon.
You worshipped Hepliaklqana.
Hepliaklqana was pleased with you.
You visited 1 branch of the dungeon, and saw 6 of its levels.

You collected 202 gold pieces.
You spent 75 gold pieces at shops.


Innate Abilities, Weirdness & Mutations

Your life essence is reduced to manifest your ancestor. (-10% HP)
You cannot wear most types of armour.
You are amphibious.
You can wear up to eight rings at the same time.
Your skin changes colour to match your surroundings (Stealth+).
Your rubbery body absorbs attacks. (AC +1, EV +1)
((You are camouflaged when in or above water. (Stealth+)))
You have tentacles for arms and can constrict up to eight enemies at once.


   Skills:
 - Level 2.0 Dodging
 - Level 2.6 Stealth
 * Level 8.5 Spellcasting
 + Level 3.7 Conjurations
 - Level 1.0 Transmutations
 - Level 6.0 Earth Magic


You had 22 spell levels left.
You knew the following spells:

 Your Spells              Type           Power      Damage    Failure   Level
b - Stone Arrow           Conj/Erth      56%        3d10      3%          3

Your spell library contained the following spells:

 Spells                   Type           Power      Damage    Failure   Level
 Sandblast                Erth           64%        2d14      1%          1
 Passwall                 Tmut/Erth      18%        N/A       3%          2
 Petrify                  Tmut/Erth      22%        N/A       19%         4
 Gell's Gravitas          Tloc           8%         N/A       24%         3
 Lesser Beckoning         Tloc           8%         N/A       24%         3
 Teleport Other           Tloc           8%         N/A       24%         3

Inventory:

Hand Weapons
 P - a +1 dagger of venom (weapon) {short}
   (You took it off an orc on level 3 of the Dungeon)
Missiles
 a - 378 stones {throwing}
 b - 3 boomerangs {throwing}
 c - 10 poisoned darts {throwing}
 t - 5 javelins {throwing}
 y - 2 throwing nets {=f!fthrowing}
Jewellery
 h - a ring of see invisible (on tentacle)
   (You found it on level 6 of the Dungeon)
 i - a +4 ring of protection (left tentacle)
   (You found it on level 1 of the Dungeon)
 j - a ring of magical power (right tentacle)
   (You found it on level 4 of the Dungeon)
 m - a ring of protection from cold
   (You took it off a hobgoblin on level 4 of the Dungeon)
Wands
 e - a wand of acid (10)
   (You found it on level 3 of the Dungeon)
 q - a wand of polymorph (1)
   (You found it on level 5 of the Dungeon)
Scrolls
 f - 2 scrolls of blinking {!r}
 k - a scroll of vulnerability {!r!r}
 l - a scroll of fear
 K - 3 scrolls of teleportation {@r4}
Potions
 d - a potion of flight
 g - a potion of lignification {!q}
 o - 2 potions of curing {@q1}

Dungeon Overview and Level Annotations

Branches:
Dungeon (6/15)             Temple (0/1) D:5

Altars:
Hepliaklqana
Trog

Shops:
D:4 ?

Portals:
Abyss: D:6

Annotations:
D:6 2 transporters, ReploidZero's ghost, novice VSFi

....>...#.###.#.# #..
#######.........#.# #..#
#............ #..#
#.....###.... #..# #....##
#...# #..# #....# #..##
#..# ##...## #..#/
#..######## #..#.###..##
#......Ru@#####..##......#
##.######........###.#...#
#..# ###......# #.#....
#..# #.###### #.#.... #..#
#.# #.#.... .#.. #.#
#.#...# # .## #.# #.#...#
.# #.# #....## .# #.#
##...#.


You could see the friendly Gnaeus the battlemage and a red ugly thing (very
poisoned, ally target).


Message History

A white imp is nearby!
A white imp is nearby!
You hit the white imp but do no damage. You grab the white imp.
You constrict the white imp, but do no damage.
The white imp gestures at you. The puff of frost hits you!
* * * LOW HITPOINT WARNING * * *
Gnaeus hits the white imp with a +0 quarterstaff!
The white imp dies! 😨 HP[-12]
You take 12 damage, and now have 19/45 hp.
MASSIVE DAMAGE!! (PAUSE)
You start resting. 😎 HP[+26]
Your hp is fully restored (45).
You now have 127 gold pieces (gained 13).
Key pressed, stopping explore.
a - 330 stones {throwing} (gained 23)
You swap places.
h - a ring of see invisible
a - 355 stones {throwing} (gained 25)
Found a one-way gate to the infinite horrors of the Abyss.
Okay, then.
h - a ring of see invisible (on tentacle)
Press: ? - help, v - describe, . - travel, g - get item Item here: a manual of Translocations.
The floor.
Unknown command.
You swap places.
Key pressed, stopping explore.
Key pressed, stopping explore.
a - 378 stones {throwing} (gained 23)
An adder comes into view.
The helpless adder fails to defend itself.
You puncture the adder!
The adder is poisoned.
You grab the adder. You constrict the adder.
The adder bites you but does no damage.
You hit the adder.
You kill the adder!
No target in view!
No target in view!
No target in view!
No target in view!
No target in view!
No target in view!
No target in view!
No target in view!
No target in view!
No target in view!
No target in view!
No target in view!
An adder comes into view.
An adder is nearby!
An adder is nearby!
The helpless adder fails to defend itself.
You hit the adder.
The adder is poisoned.
Your grab misses the adder. Your squeeze misses the adder.
The adder closely misses you.
Gnaeus casts a spell at the adder.
The stone arrow misses the adder.
The adder bites you.
You closely miss the adder. Your grab misses the adder. The adder misses you.
Gnaeus points at the adder and mumbles some strange words.
The stone arrow hits the adder!
The adder dies!
No target in view! 😕 HP[-1]
You take 1 damage, and now have 44/45 hp.
No target in view!
No target in view!
No target in view!
No target in view!
No target in view!
No target in view!
No target in view!
No target in view!
No target in view!
No target in view!
No target in view!
You swap places.
A red ugly thing comes into view. 😎 HP[+1]
Your hp is fully restored (45).
A red ugly thing is nearby!
A red ugly thing is nearby!
An iguana comes into view.
The helpless red ugly thing fails to defend itself.
You hit the red ugly thing.
The red ugly thing is poisoned.
You grab the red ugly thing. You squeeze the red ugly thing!
You constrict the red ugly thing. The red ugly thing tail-slaps you!
You are engulfed in flames!!
* * * LOW HITPOINT WARNING * * *
You are too injured to fight recklessly! 😨 HP[-29]
You take 29 damage, and now have 16/45 hp.
MASSIVE DAMAGE!! (PAUSE)
You release your grip on the red ugly thing.
Gnaeus hits the red ugly thing with a +0 quarterstaff. 😨 HP[+1]
The red ugly thing tail-slaps you.
* * * LOW HITPOINT WARNING * * *
You are engulfed in flames!
You die...

Skill      XL: |  1  2  3  4  5  6  7  8 |
---------------+-------------------------+-----
Spellcasting   | 3 4 5 6 8 |  8.5
Earth Magic    | 4 5 6 |  6.0
Conjurations   | 3 |  3.7
Dodging        | |  2.0
Stealth        | |  2.6
Transmutations | |  1.0

Action                   |  1- 3 |  4- 6 |  7- 9 || total
-------------------------+-------+-------+-------++-------
Melee: Unarmed           |     5 |    49 |       ||    54
       Tentacles         |     1 |    18 |    16 ||    35
       Constrict         |       |    15 |    10 ||    25
       Punch             |       |     1 |       ||     1
       Dagger            |       |    24 |    59 ||    83
 Cast: Sandblast         |    33 |    17 |    26 ||    76
       Stone Arrow       |       |       |     2 ||     2
Invok: Ancestor Life: Ba |       |     1 |       ||     1
  Use: Scroll            |     1 |     4 |     3 ||     8
       Potion            |       |       |     7 ||     7
 Stab: Sleeping          |       |     7 |    11 ||    18
       Distracted        |       |       |     1 ||     1
Armor: Skin              |     2 |    21 |    14 ||    37
Dodge: Dodged            |    10 |    54 |    43 ||   107

Levels and vault maps discovered:
D:1:      dpeg_arrival_simpleton_b, layout_rooms,
          hellmonk_ecumenical_altar_zigzags
D:2:      layout_loops_ring, corexii_leaking_fountain, uniq_natasha
D:3:      layout_rooms, marbit_many_paths, chequers_serial_rivers_micro_a
D:4:      layout_basic, serial_shops, shop_statue, corexii_corridor_pit,
          minmay_manual_mares
D:5:      layout_basic, temple_doors_e, chequers_avenue
D:6:      layout_loops_ring, grunt_temple_overflow_open,
          gammafunk_ghost_abyssal_escape

Notes
Turn   | Place    | Note
-------+----------+-------------------------------------------
     0 | D:1      | spaghetti the Octopode Earth Elementalist began the quest
                  | for the Orb.
     0 | D:1      | Reached XP level 1. HP: 11/11 MP: 3/3
     0 | D:1      | magus.rc [v1.9.6]
   211 | D:1      | Found a faded altar of an unknown god.
   223 | D:1      | Reached XP level 2. HP: 17/17 MP: 0/5
   224 | D:1      | Prayed at the altar of an unknown god.
   224 | D:1      | Became a worshipper of Hepliaklqana the Forgotten
   224 | D:1      | Reached * piety under Hepliaklqana
   856 | D:1      | Reached XP level 3. HP: 18/18 MP: 5/7
   940 | D:2      | Noticed Natasha
   944 | D:2      | Killed Natasha
   945 | D:2      | Reached skill level 3 in Spellcasting
  1063 | D:2      | Reached XP level 4. HP: 24/24 MP: 5/9
  1200 | D:2      | Noticed Natasha
  1209 | D:2      | Killed Natasha
  1274 | D:2      | Noticed Natasha
  1283 | D:2      | Killed Natasha
  1284 | D:2      | Reached skill level 4 in Spellcasting
  1284 | D:2      | Reached skill level 4 in Earth Magic
  1284 | D:2      | Reached XP level 5. HP: 13/27 MP: 7/11
  1819 | D:2      | You pick up a book of Displacement and begin reading...
  1819 | D:2      | You add the spells Lesser Beckoning, Gell's Gravitas and
                  | Teleport Other to your library.
  1864 | D:2      | Noticed an ogre
  1880 | D:2      | Killed an ogre
  1881 | D:2      | Reached XP level 6. HP: 32/32 MP: 9/13
  2199 | D:3      | Reached ** piety under Hepliaklqana
  2204 | D:3      | Remembered your ancestor Gnaeus as a battlemage
  2612 | D:3      | Reached skill level 5 in Spellcasting
  2795 | D:3      | Found a bloodstained altar of Trog.
  2962 | D:4      | Reached XP level 7. HP: 28/36 MP: 13/15
  2963 | D:4      | Reached skill level 5 in Earth Magic
  2984 | D:4      | Found Usuchaby's Magic Scroll Shoppe.
  2988 | D:4      | Reached skill level 6 in Spellcasting
  3005 | D:4      | Bought a scroll of blinking for 75 gold pieces
  3254 | D:4      | Learned a level 3 spell: Stone Arrow
  3278 | D:4      | Reached XP level 8. HP: 11/41 MP: 18/18
  3588 | D:4      | Reached skill level 7 in Spellcasting
  3588 | D:4      | Reached skill level 1 in Conjurations
  3660 | D:4      | Reached skill level 6 in Earth Magic
  4157 | D:5      | Entered Level 5 of the Dungeon
  4178 | D:5      | Reached skill level 2 in Conjurations
  4606 | D:5      | Reached skill level 8 in Spellcasting
  4606 | D:5      | Reached skill level 3 in Conjurations
  5159 | D:5      | Found a staircase to the Ecumenical Temple.
  5821 | D:6      | Reached XP level 9. HP: 44/45 MP: 21/21
  6049 | D:6      | Found a one-way gate to the infinite horrors of the Abyss.
  6049 | D:6      | Noticed ReploidZero's ghost (novice VSFi)
  6051 | D:6      | Found a transporter.
  6071 | D:6      | Found a transporter.
  6071 | D:6      | Noticed an ancient zyme
  6128 | D:6      | Noticed a red ugly thing
  6139 | D:6      | Slain by a red ugly thing

Vanquished Creatures
  An ice beast (D:4)
  3 ogres
  2 centaurs
  2 scorpions
  A hound (D:4)
  An iguana (D:4)
  An orc wizard (D:3)
  Natasha (thrice) (D:2)
  3 gnolls (D:2)
  3 adders
  A white imp (D:5)
  An ufetubus (D:5)
  A worm (D:3)
  2 dart slugs
  5 orcs
  A ball python (D:4)
  8 endoplasms
  3 goblins
  6 hobgoblins
  A jackal (D:4)
  10 kobolds
  2 quokkas
  3 bats
  A frilled lizard (D:1)
  4 rats (D:3)
69 creatures vanquished.

Vanquished Creatures (collateral kills)
  A water moccasin (D:5)
  3 ogres
  A centaur (D:4)
  A phantom (D:5)
  A bullfrog (D:4)
  2 hounds (D:4)
  A jelly (D:5)
  2 iguanas
  2 adders
  A white imp (D:6)
  A worm (D:4)
  4 orcs
  2 endoplasms
  A giant cockroach (D:1)
  2 goblins (D:3)
  A hobgoblin (D:4)
  3 jackals (D:4)
  2 kobolds
  2 bats
33 creatures vanquished.

Vanquished Creatures (others)
  A battlemage (D:4)
  2 ancestors (D:2)
3 creatures vanquished.

Grand Total: 105 creatures vanquished

Table legend:
 A = Non-vault XP
 B = Vault XP
 C = Vault XP percentage of total XP
 D = Non-vault monster count
 E = Vault monster count
 F = Vault count percentage of total count
                 A         B        C        D         E       F
            +---------+---------+-------+---------+---------+-------
      Total |    2151 |     268 |  11.1 |      98 |       4 |   3.9
            +---------+---------+-------+---------+---------+-------
        D:1 |      37 |       0 |   0.0 |      21 |       0 |   0.0
        D:2 |     261 |      35 |  11.8 |      13 |       1 |   7.1
        D:3 |      73 |       1 |   1.4 |      19 |       1 |   5.0
        D:4 |     941 |     232 |  19.8 |      26 |       2 |   7.1
        D:5 |     767 |       0 |   0.0 |      15 |       0 |   0.0
        D:6 |      72 |       0 |   0.0 |       4 |       0 |   0.0
            +---------+---------+-------+---------+---------+-------

Illustrated notes

Table legend:
 A = Kills in this place as a percentage of kills in entire the game.
 B = Kills by you in this place as a percentage of kills by you in the entire game.
 C = Kills by friends in this place as a percentage of kills by friends in the entire game.
 D = Other kills in this place as a percentage of other kills in the entire game.
 E = Experience gained in this place as a percentage of experience gained in the entire game.
 F = Experience gained in this place divided by the number of levels of this place that you have seen.
                   A       B       C       D       E      F
               +-------+-------+-------+-------+-------+----------------------
         Total | 100.0 | 100.0 | 100.0 |   N/A | 100.0 | 403.2
       Dungeon | 100.0 | 100.0 | 100.0 |   N/A | 100.0 | 403.2
               +-------+-------+-------+-------+-------+----------------------

Table legend: (Time is in decaauts)
 A = Elapsed time spent in this place.
 B = Non-inter-level travel time spent in this place.
 C = Inter-level travel time spent in this place.
 D = Time resting spent in this place.
 E = Time spent auto-exploring this place.
 F = Levels seen in this place.
 G = Mean time per level.
                   A        B        C        D        E       F      G
               +--------+--------+--------+--------+--------+-----+--------+
         Total |   6142 |   6004 |    138 |   1140 |   4136 |   6 | 1023.7 |
       Dungeon |   6142 |   6004 |    138 |   1140 |   4136 |   6 | 1023.7 |
               +--------+--------+--------+--------+--------+-----+--------+

Top non-repeatable levels by time:
     D:5: 1617 daAuts
     D:4: 1302 daAuts
     D:2: 1099 daAuts
     D:1: 923 daAuts
     D:3: 829 daAuts
     D:6: 370 daAuts
